 Dungeon Crawl Stone Soup version 0.19-a0-1213-g90c832c (webtiles) character file.

32 Gimar the Slasher (level 3, -3/18 HPs)
             Began as a Tengu Gladiator on Aug 23, 2016.
             Slain by Sigmund
             ... wielding a +2 scythe of venom
              (13 damage)
             ... on level 2 of the Dungeon.
             The game lasted 00:01:35 (1060 turns).

Gimar the Slasher (Tengu Gladiator)                 Turns: 1060, Time: 00:01:36

Health: -3/18      AC:  3    Str: 15    XL:     3   Next: 27%
Magic:  3/3        EV: 14    Int:  8    God:
Gold:   45         SH:  0    Dex: 15    Spells: 0 memorised, 2 levels left

rFire  . . .     SeeInvis .     a - +0 long sword
rCold  . . .     Gourm    .     b - +0 leather armour
rNeg   . . .     Faith    .     (no shield)
rPois  .         Spirit   .     (helmet restricted)
rElec  .         Dismiss  .     (no cloak)
rCorr  .         Reflect  .     (no gloves)
MR     .....     Harm     .     (boots unavailable)
Stlth  +......... Clarity  +    (no amulet)
                                (no ring)
                                (no ring)

@: no status effects
A: beak, talons 3, clarity, frail 1, low mp 1
a: no special abilities


You were on level 2 of the Dungeon.
You were hungry.

You visited 1 branch of the dungeon, and saw 2 of its levels.

You collected 45 gold pieces.

Inventory:

Hand Weapons
 a - a +0 long sword (weapon)
Armour
 b - a +0 leather armour (worn)
Scrolls
 c - 2 scrolls of identify {unknown}
 e - a scroll of fog {unknown}
 g - a scroll of immolation {unknown}
 j - a scroll of teleportation {unknown}
Potions
 k - a potion of curing
Comestibles
 f - a bread ration
 h - a beef jerky
 i - a meat ration


   Skills:
 - Level 2.0 Fighting
 * Level 4.1 Long Blades
 - Level 2.0 Throwing
 + Level 4.0 Dodging


You had 2 spell levels left.
You didn't know any spells.

Dungeon Overview and Level Annotations

Branches:
Dungeon (2/15)

Altars:

Annotations:
D:2 Sigmund


Innate Abilities, Weirdness & Mutations

You have a beak for a mouth.
You have claws for feet.
You possess an exceptional clarity of mind.
You are frail. (-10% HP)
Your magical capacity is low. (-10% MP)


Message History

Your thoughts seem clearer.
You feel frail.
You feel less energetic.
Sigmund points at you and mumbles some strange words.
The magic dart hits you!
Sigmund screams, "Die, monster!"
There is an open door here.
Sigmund closely misses you.
You riposte.
You closely miss Sigmund. You barely miss Sigmund.
You are feeling hungry.
You closely miss Sigmund. You claw Sigmund, but do no damage.
Sigmund closely misses you.
You riposte.
You slash Sigmund!
Sigmund is moderately wounded.
You hit Sigmund.
Sigmund is heavily wounded.
Sigmund misses you.
You riposte.
You hit Sigmund. You peck Sigmund.
Sigmund is severely wounded.
You hit Sigmund. Your peck misses Sigmund.
Sigmund is almost dead.
Sigmund hits you with a scythe of venom!
Ouch! That really hurt!
You die...

+########.#
........#.#
........#.#
........#.#########
........#....<....#
........#.........#
......."#....#####...
......@@'............
........#.#######...
######+##.# #.# #..
###


You could see Sigmund.

Vanquished Creatures
  2 dart slugs (D:1)
  A giant gecko (D:1)
  A giant cockroach (D:1)
  2 goblins (D:1)
  2 hobgoblins (D:1)
  7 jackals (D:1)
  2 kobolds (D:1)
  3 giant newts (D:1)
  5 rats (D:1)
25 creatures vanquished.

Notes
Turn   | Place    | Note
-------+----------+-------------------------------------------
     0 | D:1      | Gimar the Tengu Gladiator began the quest for the Orb.
     0 | D:1      | Reached XP level 1. HP: 12/12 MP: 2/2
   122 | D:1      | Reached XP level 2. HP: 15/17 MP: 3/3
   811 | D:1      | Reached XP level 3. HP: 21/21 MP: 4/4
  1051 | D:2      | Noticed Sigmund
  1054 | D:2      | Gained mutation: You possess an exceptional clarity of mind. [potion of mutation]
  1054 | D:2      | Gained mutation: You are frail. (-10% HP) [potion of mutation]
  1054 | D:2      | Gained mutation: Your magical capacity is low. (-10% MP) [potion of mutation]
  1060 | D:2      | Slain by Sigmund

Vault maps used:
D:1:      tarquinn_simple_flora_water_e
D:2:      first_bread, minmay_misc_feat_plants, minmay_tromino_v4_a,
          uniq_terence, uniq_iyjb, uniq_sigmund

Skill      XL: |  1  2  3 |
---------------+----------+-----
Long Blades    | 4 |  4.1
Dodging        | 4 |  4.0
Fighting       | |  2.0
Throwing       | |  2.0

Action                   || total
-------------------------++-------
Melee: Long sword        ||    72
       Kick              ||    14
       Peck              ||     9
  Use: Potion            ||     2
Armor: Leather armour    ||    10
Dodge: Dodged            ||    53
